 Dungeon Crawl Stone Soup version 0.24.0-123-gd5b16e6ec5 (webtiles) character file.

Game seed: 12746388863830659170, levelgen mode: deterministic

7265 Curus the Spear-Bearer (level 10, -2/94 HPs)
             Began as a Minotaur Berserker on Jan 12, 2020.
             Was a High Priest of Trog.
             Slain by a yak (11 damage)
             ... on level 9 of the Dungeon.
             The game lasted 00:31:00 (6968 turns).

Curus the Spear-Bearer (Minotaur Berserker)         Turns: 6968, Time: 00:31:02

Health: -2/94      AC: 20    Str: 21    XL:     10   Next: 89%
Magic:  10/10      EV:  8    Int:  7    God:    Trog [*****.]
Gold:   334        SH:  6    Dex: 13    Spells: 9/9 levels left

rFire    + . .     SeeInvis +   l - +2 trident
rCold    . . .     Gourm    .   (no shield)
rNeg     . . .     Faith    .   K - +0 plate armour
rPois    .         Spirit   .   p - +1 hat
rElec    .         Reflect  +   n - scarf {cloud immunity}
rCorr    .         Harm     .   (no gloves)
MR       ++...                  g - +1 pair of boots
Stlth    ..........             B - +6 amulet of reflection
HPRegen  1.25/turn              r - ring of protection from fire
MPRegen  0.12/turn              E - ring of see invisible

@: lethally poisoned (-2 -> -9), marked, regenerating
A: retaliatory headbutt, horns 2, icy blue scales 1, agile 1, sturdy frame 1
a: Berserk, Trog's Hand, Brothers in Arms, Renounce Religion


You were on level 9 of the Dungeon.
You worshipped Trog.
Trog was extremely pleased with you.
You were not hungry.

You visited 2 branches of the dungeon, and saw 10 of its levels.

You collected 544 gold pieces.
You spent 210 gold pieces at shops.

Inventory:

Hand Weapons
 a - a +1 spear
 l - a +2 trident (weapon)
 C - a +3 spear
 J - a +5 glaive of protection
Armour
 b - a +0 animal skin
 e - a +0 leather armour
 g - a +1 pair of boots (worn)
 i - a +0 ring mail
 k - a +0 scale mail
 n - a scarf of cloud immunity (worn)
 p - a +1 hat (worn)
 y - a +0 chain mail
 K - a +0 plate armour (worn)
Jewellery
 d - an uncursed amulet of regeneration
 m - an uncursed amulet of faith
 r - a ring of protection from fire (left hand)
 u - an uncursed ring of protection from fire
 x - an uncursed amulet of harm
 z - an uncursed amulet of rage
 B - a +6 amulet of reflection (around neck)
 E - a ring of see invisible (right hand)
Wands
 t - a wand of paralysis (8)
 v - a wand of polymorph (9)
 F - a wand of acid (8)
 H - a wand of clouds (6)
Scrolls
 f - 10 scrolls of teleportation
 h - 6 scrolls of identify
 q - 10 scrolls of remove curse
 w - a scroll of enchant armour
 G - a scroll of enchant weapon
 L - a scroll of fog
Potions
 j - 2 potions of curing
 o - 2 potions of agility
 s - a potion of cancellation
 A - a potion of berserk rage
 D - 2 potions of heal wounds
 I - a potion of invisibility
Comestibles
 c - 21 rations
 M - a chunk of flesh


   Skills:
 - Level 10.4 Fighting
 - Level 14.0 Polearms
 - Level 10.0 Armour
 - Level 2.1 Dodging
 + Level 2.2 Evocations


You had 9 spell levels left.
You didn't know any spells.
Your spell library was empty.

Dungeon Overview and Level Annotations

Branches:
Dungeon (9/15)             Temple (0/1) D:7            Lair (1/6) D:9
    Orc: D:9-12

Altars:
Dithmenos
Elyvilon
Nemelex Xobeh
Ru
Sif Muna
Trog
Uskayaw
Wu Jian
Xom
Yredelemnul

Shops:
D:7 =


Innate Abilities, Weirdness & Mutations

You reflexively headbutt those who attack you in melee.
You have a pair of horns on your head.
You are partially covered in icy blue scales. (AC +2)
You are agile. (Dex +2)
Your movements are slightly less encumbered by armour. (ER -2)


Message History

The black mamba bites you but does no damage.
A yak comes into view.
The yak gores you!
There is a staircase back to the Dungeon here.
You feel sick. You block the black mamba's attack. The black mamba bites you!
* * * LOW HITPOINT WARNING * * *
You are lethally poisoned!
The black mamba poisons you! The yak barely misses you.
You climb upwards.
Welcome back to the Dungeon!
* * * LOW HITPOINT WARNING * * *
You feel very sick.
There is a staircase to the Lair here.
Your skin crawls.
You feel resistant to hostile enchantments.
You feel somewhat more hungry.
You feel very sick. The black mamba bites you.
* * * LOW HITPOINT WARNING * * *
The yak gores you!
You die...

#......≈........# #.##
#....≈.≈.≈...)..# #.##
#..≈≈.≈.≈≈......# #.#
#...≈≈≈≈≈.≈.≈≈..# #.#
#≈..≈≈≈≈≈≈≈≈≈...## #.#
#≈≈≈.≈≈≈≈≈≈≈≈....# #.#
#≈≈≈≈≈.≈.≈.≈≈≈≈..#####.#
#≈≈≈≈≈≈....≈≈≈.........#
#≈≈≈≈≈≈.@)≈.≈≈≈.####.###
#≈≈≈≈≈≈S.Y..≈.≈.# #.#
#≈≈≈≈≈≈..≈.≈≈≈..# #.####
#.≈≈≈≈≈≈.≈.≈≈≈..# #.#...
#..≈≈≈.≈..≈≈≈...# #.#.##
#..≈÷.≈≈.≈≈≈≈...# ##.#.#
###.≈..≈≈≈.≈≈≈≈≈..#
#..#.#
#.....≈≈≈≈.≈≈≈≈≈..#
#.##.#
#.#.≈≈.≈≈≈.≈.≈≈≈.÷#
#.##.#


You could see a black mamba and a yak.

Vanquished Creatures
  A two-headed ogre (D:9)
  Maurice (D:8)
  A spiny frog (Lair:1)
  A troll (D:9)
  Prince Ribbit (D:5)
  A hippogriff (D:9)
  Eustachio (D:4)
  A wyvern (D:8)
  A hungry ghost (D:8)
  A porcupine (Lair:1)
  5 orc warriors (D:9)
  A black bear (D:9)
  An ice beast (D:6)
  A sky beast (D:7)
  A phantom (D:5)
  8 ogres
  3 wolves (D:9)
  A crocodile (D:9)
  3 centaurs
  Blork the orc (D:5)
  A big kobold (D:9)
  6 bullfrogs
  3 scorpions
  A water moccasin skeleton (D:9)
  3 killer bees (D:8)
  3 wights (D:9)
  4 electric eels (D:9)
  2 howler monkeys (D:8)
  4 crimson imps
  A quasit (D:7)
  5 jellies
  8 hounds
  6 orc wizards
  3 bullfrog skeletons
  2 bullfrog zombies
  6 orc priests
  A centaur skeleton (D:9)
  2 iguanas
  8 worker ants
  2 hound zombies
  A hound skeleton (D:4)
  2 worker ant zombies
  6 adders
  2 shadow imps
  2 oozes
  An adder skeleton (D:5)
  2 adder zombies
  2 worms
  3 dart slugs (D:1)
  2 leopard geckos
  47 orcs
  2 ball pythons
  7 giant cockroaches
  10 goblins
  6 hobgoblins
  17 jackals
  12 kobolds
  4 quokkas
  7 bats
  12 frilled lizards
  A jackal skeleton (D:7)
  2 leopard gecko skeletons
  2 leopard gecko zombies
  5 rats
263 creatures vanquished.

Vanquished Creatures (others)
  2 jackals (D:5)
2 creatures vanquished.

Grand Total: 265 creatures vanquished

Notes
Turn   | Place    | Note
-------+----------+-------------------------------------------
     0 | D:1      | Curus the Minotaur Berserker began the quest for the Orb.
     0 | D:1      | Reached XP level 1. HP: 19/19 MP: 0/0
    44 | D:1      | Reached skill level 4 in Polearms
    79 | D:1      | Reached XP level 2. HP: 22/26 MP: 1/1
   513 | D:1      | Reached skill level 5 in Polearms
   513 | D:1      | Reached XP level 3. HP: 31/31 MP: 2/2
   783 | D:1      | Reached ** piety under Trog
   899 | D:2      | Noticed a +0 dagger
   900 | D:2      | Noticed a +0 dagger
   902 | D:2      | Found a hide-covered altar of Uskayaw.
  1180 | D:2      | Found a bloodstained altar of Trog.
  1342 | D:2      | Reached skill level 6 in Polearms
  1342 | D:2      | Reached XP level 4. HP: 39/39 MP: 3/3
  1430 | D:2      | Found a faded altar of an unknown god.
  1555 | D:3      | Gained mutation: You are partially covered in icy blue
                  | scales. (AC +2) [potion of mutation]
  1555 | D:3      | Gained mutation: You are agile. (Dex +2) [potion of
                  | mutation]
  1555 | D:3      | Gained mutation: Your movements are slightly less
                  | encumbered by armour. (ER -2) [potion of mutation]
  1674 | D:3      | Reached skill level 7 in Polearms
  1674 | D:3      | Reached XP level 5. HP: 28/45 MP: 4/4
  2007 | D:3      | Reached *** piety under Trog
  2179 | D:3      | Found an ornate altar of the Wu Jian Council.
  2296 | D:4      | Reached skill level 8 in Polearms
  2340 | D:4      | Reached XP level 6. HP: 46/51 MP: 5/5
  2347 | D:4      | Noticed Eustachio
  2360 | D:4      | Killed Eustachio
  2360 | D:4      | Reached skill level 9 in Polearms
  2463 | D:4      | Reached XP level 7. HP: 32/57 MP: 6/6
  2470 | D:4      | Reached skill level 10 in Polearms
  2609 | D:4      | Found a basalt altar of Yredelemnul.
  2739 | D:4      | Found a shimmering altar of Xom.
  2742 | D:4      | Found a shimmering altar of Xom.
  2771 | D:4      | Found a shimmering altar of Xom.
  2896 | D:5      | Entered Level 5 of the Dungeon
  2939 | D:5      | Noticed Blork the orc
  2946 | D:5      | Killed Blork the orc
  3033 | D:5      | Found a white marble altar of Elyvilon.
  3126 | D:5      | Noticed Prince Ribbit
  3136 | D:5      | Killed Prince Ribbit
  3136 | D:5      | Reached skill level 11 in Polearms
  3136 | D:5      | Reached XP level 8. HP: 56/64 MP: 7/7
  3382 | D:5      | Reached skill level 12 in Polearms
  3384 | D:5      | Reached **** piety under Trog
  3921 | D:6      | Reached skill level 13 in Polearms
  4013 | D:6      | Reached XP level 9. HP: 70/70 MP: 8/8
  4041 | D:6      | Reached skill level 14 in Polearms
  4146 | D:6      | Received a gift from Trog
  4355 | D:7      | Found a shadowy altar of Dithmenos.
  4468 | D:7      | Found a shimmering altar of Xom.
  4608 | D:7      | Found a staircase to the Ecumenical Temple.
  4811 | D:7      | Found Mynouto's Jewellery Emporium.
  4844 | D:7      | Bought an uncursed ring of see invisible for 210 gold
                  | pieces
  5095 | D:8      | Reached skill level 5 in Fighting
  5113 | D:8      | Reached ***** piety under Trog
  5157 | D:8      | Reached skill level 5 in Armour
  5421 | D:8      | Noticed Maurice
  5442 | D:8      | Killed Maurice
  5557 | D:8      | Found a sparkling altar of Nemelex Xobeh.
  5557 | D:8      | Found a shimmering blue altar of Sif Muna.
  5618 | D:8      | Found a sacrificial altar of Ru.
  5670 | D:8      | Reached XP level 10. HP: 88/88 MP: 9/9
  6298 | D:9      | Found a staircase to the Lair.
  6377 | D:9      | Noticed a two-headed ogre
  6388 | D:9      | Killed a two-headed ogre
  6570 | D:9      | Received a gift from Trog
  6759 | D:9      | Reached skill level 10 in Fighting
  6911 | D:9      | Reached skill level 10 in Armour
  6940 | Lair:1   | Entered Level 1 of the Lair of Beasts
  6940 | Lair:1   | Noticed a spiny frog
  6947 | Lair:1   | Killed a spiny frog
  6947 | Lair:1   | Reached skill level 1 in Evocations
  6954 | Lair:1   | Noticed a black mamba
  6968 | D:9      | Slain by a yak

Levels and vault maps discovered:
D:1:      shiori_arrival_maze, layout_basic, serial_bayou_pond_b,
          minmay_misc_feat_cross
D:2:      layout_basic, dancing_weapons_uskayaw, lightli_temple_of_fire,
          chequers_ecumenical_altar_simple, kennysheep_another_room
D:3:      layout_loops_ring, lemuel_coloured_pillars_altar, first_ration
D:4:      layout_basic, yredelemnul_altar_generic, xom_redecorated,
          uniq_eustachio
D:5:      layout_loops_corners, elyvilon_altar_4, uniq_prince_ribbit1,
          uniq_blork_the_orc
D:6:      layout_cave_pools
D:7:      layout_basic, nicolae_overflow_crystal_walls, old_standard_altar,
          minmay_temple_entry_antechambers, serial_shops, shop
D:8:      layout_basic, nicolae_ru_path_of_blood,
          gammafunk_temple_overflow_elements, uniq_maurice
D:9:      layout_loops_ring, erik_lair_island, special_room [special_room_orc],
          minmay_lizard_king
Lair:1:   layout_cave_pods

Skill      XL: |  1  2  3  4  5  6  7  8  9 10 |
---------------+-------------------------------+-----
Polearms       | 4 5 6 7 8 9 11 13 14 | 14.0
Fighting       | 7 10 | 10.4
Armour         | 7 10 | 10.0
Evocations     | 2 |  2.2
Dodging        | |  2.1

Action                   |  1- 3 |  4- 6 |  7- 9 | 10-12 || total
-------------------------+-------+-------+-------+-------++-------
Melee: Spear             |   102 |    48 |       |       ||   150
       Headbutt          |     8 |    23 |    50 |    33 ||   114
       Trident           |       |   116 |   371 |   145 ||   632
       Glaive            |       |       |       |    67 ||    67
Invok: Berserk           |     1 |       |     1 |       ||     2
       Trog's Hand       |       |       |       |     2 ||     2
  Use: Potion            |     7 |     5 |       |       ||    12
       Scroll            |     5 |     5 |     6 |     3 ||    19
  Eat: Chunk             |     2 |     4 |    11 |     3 ||    20
       Ration            |       |       |       |     1 ||     1
Armor: Animal skin       |     7 |       |       |       ||     7
       Leather armour    |     4 |       |       |       ||     4
       Ring mail         |     3 |     4 |       |       ||     7
       Scale mail        |       |    26 |    28 |       ||    54
       Chain mail        |       |       |    39 |    44 ||    83
       Plate armour      |       |       |       |    11 ||    11
Dodge: Dodged            |    33 |    69 |    75 |    58 ||   235
Block: Other             |       |       |       |    37 ||    37
       Reflection        |       |       |       |     3 ||     3
